 Dungeon Crawl Stone Soup version 0.29-a0-320-g9f8742066b (webtiles) character file.

Game seed: 917037443177291809

67291 Leszczynek the Grappler (level 14, 0/109 HPs)
             Began as a Palentonga Wanderer on Apr 1, 2022.
             Was the Champion of Hepliaklqana.
             Slain by a death yak simulacrum (36 damage)
             ... in a Gauntlet on Apr 2, 2022.
             The game lasted 01:36:26 (17416 turns).

Leszczynek the Grappler (Palentonga Wanderer)      Turns: 17416, Time: 01:36:27

Health: 0/109      AC: 20    Str: 16    XL:     14   Next: 82%
Magic:  19/21      EV: 14    Int: 26    God:    Hepliaklqana [******]
Gold:   432        SH:  8    Dex: 11    Spells: 6/23 levels left

rFire   + + .      SeeInvis +     - Unarmed
rCold   . . .      Faith    .   V - +3 warlock's mirror {reflect}
rNeg    . . .      Spirit   .   u - +3 leather armour {rPois}
rPois   +          Reflect  +   Y - +2 hat {Stlth+}
rElec   .          Harm     .   O - +2 cloak
rCorr   .          Rampage  .   z - +0 pair of gloves
Will    +....      NoTele   +   (no barding)
Stlth   ++........              R - amulet "Yreoddia" {Regen+ Int+4}
HPRegen 1.08/turn               g - +4 ring of evasion
MPRegen 0.17/turn               b - ring of Tularoabb {rF++ Int+6}

@: invisible, curled up
A: reduced essence, large, rugged brown scales 3, see invisible, deformed body,
roll 1, armoured tail, reflexive curl
a: Rolling Charge, Renounce Religion, Recall Ancestor, Ancestor Identity,
Transference, Idealise


You were in a Gauntlet.
You worshipped Hepliaklqana.
Hepliaklqana was exalted by your worship.
You visited 4 branches of the dungeon, and saw 22 of its levels.
You also visited: Gauntlet.

You collected 2791 gold pieces.
You spent 2359 gold pieces at shops.

Inventory:

Hand Weapons
 c - a +4 whip of electrocution
 M - a +3 mace of draining
Missiles
 f - 2 throwing nets
 t - 9 atropa-tipped darts
 K - a curare-tipped dart
Armour
 j - a +0 troll leather armour
 p - the +2 pair of gloves of Nemelex Xobeh's Envy {rN++ rCorr MP-9 Stlth+}
   (You found it in a Gauntlet)

   rN:        It greatly protects you from negative energy.
   MP:        It affects your magic capacity (-9).
   rCorr:     It protects you from acid and corrosion.
   Stlth:     It makes you more stealthy.
 u - a +3 leather armour of poison resistance (worn)
 y - a +2 robe of willpower
 z - a +0 pair of gloves (worn)
 L - +0 acid dragon scales
 O - a +2 cloak (worn)
 V - the +3 warlock's mirror (worn) {reflect}
   (You acquired it on level 5 of the Dungeon)

   It can block and reflect piercing ranged attacks and magical attacks against
   the wielder's willpower.
 Y - a +2 hat of stealth (worn)
Jewellery
 b - the ring of Tularoabb (right hand) {rF++ Int+6}
   (You bought it in a shop on level 1 of the Orcish Mines)

   [ring of intelligence]

   Int:       It affects your intelligence (+6).
   rF:        It greatly protects you from fire.
 g - a +4 ring of evasion (left hand)
 l - a ring of protection from fire
 J - a +4 ring of protection
 R - the amulet "Yreoddia" (around neck) {Regen+ Int+4}
   (You bought it in a shop on level 5 of the Dungeon)

   [amulet of regeneration]

   Int:       It affects your intelligence (+4).
   Regen:     It increases your rate of health regeneration.
Wands
 a - a wand of mindburst (6)
 o - a wand of flame (19) (quivered)
Scrolls
 d - 3 scrolls of fog
 i - 4 scrolls of teleportation
 k - a scroll of enchant armour {unknown}
 v - 4 scrolls of immolation {!r}
 w - 5 scrolls of vulnerability {!r}
 A - a scroll of amnesia {unknown}
 B - 3 scrolls of fear
 D - a scroll of blinking
 F - 2 scrolls of brand weapon {unknown}
 I - 3 scrolls of summoning
 S - a scroll of noise {unknown}
 U - 4 scrolls of holy word {!r}
Potions
 e - 7 potions of curing {@q1}
 h - a potion of haste
 m - a potion of attraction {unknown}
 n - 4 potions of might
 q - 2 potions of invisibility
 r - 2 potions of heal wounds {@q2}
 s - 2 potions of mutation {!q}
 C - 2 potions of brilliance {unknown}
 G - 2 potions of magic
 H - 4 potions of lignification {!q}
 P - 3 potions of berserk rage {!q}
 Q - a potion of resistance {unknown}
Miscellaneous
 W - a condenser vane (inert)
 X - a phantom mirror


   Skills:
 - Level 11.0 Fighting
 - Level 1.3(1.5) Slings
 - Level 1.0(1.3) Throwing
 + Level 4.4 Dodging
 - Level 1.2 Stealth
 - Level 5.0 Shields
 + Level 13.1 Unarmed Combat
 - Level 5.0 Spellcasting
 + Level 7.2 Conjurations
 - Level 11.0 Transmutations
 * Level 9.1 Earth Magic
 + Level 6.4 Invocations
 - Level 6.1 Evocations


You had 6 spell levels left.
You knew the following spells:

 Your Spells              Type           Power      Damage    Failure   Level
a - Blade Hands           Tmut           29%        N/A       3%          5
b - Statue Form           Tmut/Erth      37%        N/A       28%         6
c - Irradiate             Conj/Tmut      26%        3d22      8%          5
A - Apportation           Tloc           12%        N/A       12%         1

Your spell library contained the following spells:

 Spells                   Type           Power      Damage    Failure   Level
 Magic Dart               Conj           100%       1d8       1%          1
 Sandblast                Erth           100%       2d20      1%          1
 Passwall                 Tmut/Erth      46%        N/A       1%          2
 Stone Arrow              Conj/Erth      98%        3d13      1%          3
 Petrify                  Tmut/Erth      56%        N/A       1%          4
 Conjure Flame            Conj/Fire      25%        6-21      8%          3
 Dazzling Flash           Conj/Hex       50%        N/A       8%          3
 Ignite Poison            Fire/Tmut/Pois 25%        N/A       8%          3
 Freeze                   Ice            24%        1d5       12%         1
 Mephitic Cloud           Conj/Pois/Air  19%        N/A       13%         3
 Blink                    Tloc           12%        N/A       17%         2
 Call Imp                 Summ           6%         N/A       17%         2
 Corpse Rot               Necr/Air       12%        N/A       17%         2
 Poisonous Vapours        Pois/Air       12%        N/A       17%         2
 Scorch                   Fire           12%        2d6       17%         2
 Flame Wave               Conj/Fire      25%        2d7       26%         4
 Hailstorm                Conj/Ice       25%        3d7       26%         4
 Sticky Flame             Conj/Fire      25%        2d5       26%         4
 Alistair's Intoxication  Tmut/Pois      23%        N/A       32%         5
 Yara's Violent Unravell  Hex/Tmut       17%        3d8       32%         5
 Frozen Ramparts          Ice            12%        1d3       34%         3
 Gell's Gravitas          Tloc           6%         N/A       34%         3
 Lesser Beckoning         Tloc           6%         N/A       34%         3
 Teleport Other           Tloc           6%         N/A       34%         3
 Tukima's Dance           Hex            6%         N/A       34%         3
 Fireball                 Conj/Fire      12%        3d7       58%         5
 Lightning Bolt           Conj/Air       12%        1d26      58%         5
 Airstrike                Air            3%         N/A       75%         4
 Passage of Golubria      Tloc           6%         N/A       75%         4
 Summon Lightning Spire   Summ/Air       6%         N/A       75%         4
 Agony                    Necr           6%         N/A       97%         5
 Manifold Assault         Tloc           6%         N/A       97%         5
 Metabolic Englaciation   Hex/Ice        3%         N/A       97%         5
 Silence                  Hex/Air        3%         N/A       97%         5
 Starburst                Conj/Fire      12%        6d5       99%         6
 Summon Cactus Giant      Summ           3%         N/A       100%        6
 Dragon Form              Tmut           29%        N/A       71%         7
 Storm Form               Tmut/Air       17%        N/A       100%        7
 Ignition                 Fire           3%         3d4       100%        8


Dungeon Overview and Level Annotations

Branches:
Dungeon (13/15)            Temple (1/1) D:4            Lair (6/6) D:11
  Snake (0/4) Lair:2        Slime (0/5) Lair:6          Orc (2/2) D:12
    Elf (0/3) Orc:2       Gauntlet (1/1)
  Swamp: Lair:2-4    Shoals: Lair:2-4    Vaults: D:13-14

Altars:
Ashenzari
Cheibriados
Dithmenos
Elyvilon
Fedhas
Gozag
Hepliaklqana
Kikubaaqudgha
Makhleb
Nemelex Xobeh
Okawaru
Qazlal
Ru
Sif Muna
Trog
Uskayaw
Vehumet
Wu Jian
Xom
Yredelemnul
Zin
The Shining One
Beogh
Jiyva

Shops:
D:3 [   D:5 *=?[(   D:7 [   Orc:1 =   Orc:2 *[[(

Annotations:
D:10 exclusion: upstairs
Lair:1 exclusion: oklob plant
Lair:3 shoals Gauntlet 8 transporters, 3 runed translucent doors


Innate Abilities, Weirdness & Mutations

Your life essence is reduced to manifest your ancestor. (-10% HP)
You are completely covered in rugged brown scales. (AC +3, +7% HP)
You have supernaturally acute eyesight. (SInv)
Armour fits poorly on your strangely shaped body.
You can roll at nearby foes to attack.
You have a long armoured tail.
You curl defensively after being hit. (AC +7*)


Message History

The death yak is engulfed in freezing vapours.
The death yak gores you!
Synnove hits the death yak with a +0 dagger of draining.
Unknown command.
You fade into invisibility!
Synnove hits the death yak with a +0 dagger of draining!
The death yak simulacrum closely misses you.
The death yak is engulfed in freezing vapours.
The death yak closely misses you.
The death yak is engulfed in freezing vapours.
You kill the death yak!
A freezing mist starts to gather...
Synnove points at the death yak simulacrum and mumbles some strange words.
The death yak resists with almost no effort.
A death yak simulacrum comes into view.
You feel much better.
Something gores Synnove.
The death yak is engulfed in freezing vapours.
The death yak closely misses you.
The death yak is engulfed in freezing vapours.
The death yak gores Synnove!
Synnove is destroyed!
The death yak simulacrum gores you! The death yak simulacrum freezes you!!
* * * LOW HITPOINT WARNING * * *
You hear a bellow!
Unknown command.
Unknown command.
Unknown command.
Casting: Blade Hands (dangerous; 24% risk of failure)
Confirm with . or Enter, or press ? or * to list all spells.
Okay, then.
Okay, then.
You feel much better.
Your hands revert to their normal proportions.
Your +0 pair of gloves unmelds from your body.
The +3 warlock's mirror {reflect} unmelds from your body.
The death yak simulacrum misses you.
The death yak is engulfed in freezing vapours. x2
The death yak gores you but does no damage.
The death yak simulacrum gores you. The death yak simulacrum freezes you!!!
You die...

..............###########.
8.....8...................
.............8.....8.....8
.###########..............
.#.^.......#...#########..
..#.##.##.#.#...#....)..#.§
..# .#..#...#####)...##.#..
..#=.##.##§Z#...#..##.#.#..
8.#©..#©.#@Z#©8©#©.#©.#.#©8
..#.#^##.##Y#...#.#..##.#..
..#$#..#.Y^Y#####.####..#..
.#.##.##Y#.#...#.......#.§
..#.........#...#########..
..###########..............
..............8.....8.....8
§§....8..§................
§...§.....§..#≈#≈#≈#≈#≈#


You could see 2 death yaks and 2 death yak simulacra.

Vanquished Creatures
  An orc warlord (Orc:1)
  A hydra (Lair:1)
  A boulder beetle (Orc:2)
  2 catoblepae
  A merfolk avatar (Lair:6)
  A two-headed ogre (D:12)
  2 centaur warriors
  7 death yaks
  Nergalle (Orc:1)
  Sonja (Orc:1)
  3 skeletal warriors
  A sea snake (Lair:6)
  A wizard (D:11)
  An orc knight (Orc:1)
  2 deep elf zephyrmancers (Orc:1)
  A necromancer (Gauntlet)
  4 manticores
  7 orc sorcerers (Orc:2)
  An ugly thing (D:10)
  12 cyclopes (D:12)
  5 elephants
  4 black mambas
  2 gargoyles
  7 cane toads
  4 rime drakes
  A kobold demonologist (D:9)
  An unseen horror (D:11)
  7 komodo dragons
  6 trolls
  A polar bear (Lair:1)
  A slime creature (D:11)
  5 blink frogs
  2 snapping turtles (Lair:6)
  2 shadows (D:12)
  2 wraiths
  2 vampires (D:11)
  31 yaks
  3 basilisks
  6 wyverns
  7 hogs (Lair:5)
  2 steam dragons
  A vampire mosquito (D:12)
  13 wargs
  A two-headed ogre zombie (D:12)
  An acid dragon (D:12)
  6 water moccasins
  A swamp drake (Orc:1)
  14 orc warriors
  A sky beast (D:6)
  16 wolves
  8 ogres
  12 centaurs
  A kobold brigand (D:9)
  10 bullfrogs
  A gnoll sergeant (D:5)
  6 scorpions
  2 necrophages
  3 wights (D:5)
  3 troll zombies (D:12)
  2 killer bees (D:10)
  A howler monkey (D:9)
  An electric eel (Lair:4)
  A crimson imp (Orc:1)
  A jelly (D:4)
  2 hounds (D:7)
  11 orc priests
  An iron imp (Orc:1)
  Ijyb (D:3)
  A hexer (D:9)
  2 iguanas (D:5)
  25 orc wizards
  3 ogre zombies (D:12)
  3 adders
  11 gnolls
  3 shadow imps
  2 white imps
  An ufetubus (D:6)
  2 worms
  A dart slug (D:2)
  61 orcs
  7 ball pythons
  4 bats
  5 endoplasms
  2 giant cockroaches
  9 hobgoblins
  5 jackals
  2 quokkas
  A goblin skeleton (D:12)
  2 hobgoblin skeletons (D:12)
  4 hobgoblin zombies (D:12)
  10 kobolds
  6 orc skeletons (D:12)
  11 orc zombies (D:12)
  3 rats
459 creatures vanquished.

Vanquished Creatures (collateral kills)
  Kirke (Lair:5)
  An ogre mage (D:9)
  2 death yaks
  Pikel (D:6)
  2 orc sorcerers (Orc:2)
  2 cyclopes
  An elephant (Lair:6)
  A black mamba (Lair:6)
  3 cane toads
  An unseen horror (D:11)
  A torpor snail (Lair:5)
  A komodo dragon (Lair:1)
  A troll (Orc:1)
  3 blink frogs
  A slime creature (D:11)
  2 wraiths (D:10)
  13 yaks
  2 wyverns
  A vampire mosquito (D:12)
  2 wargs (Orc:2)
  2 acid dragons (D:9)
  3 orc warriors
  An ice beast (D:7)
  3 ogres
  3 wolves
  3 centaurs
  3 phantoms
  2 kobold brigands
  5 bullfrogs
  A necrophage (D:8)
  A gnoll sergeant (D:8)
  A jelly (D:8)
  2 killer bees
  A howler monkey (D:9)
  A lava snake (D:12)
  An orc priest (Orc:1)
  6 orc wizards
  An ogre zombie (D:12)
  A gnoll (D:8)
  An ufetubus (D:6)
  17 orcs
  4 kobolds
  An orc skeleton (D:12)
  A butterfly (Lair:4)
107 creatures vanquished.

Vanquished Creatures (others)
  A molten gargoyle (Gauntlet)
  A yak (D:9)
  13 hexers
  2 orc wizards
  2 ancestors
  An orc (Orc:2)
  A goblin (D:3)
  A kobold (D:9)
  2 demonic plants (Gauntlet)
  17 fungi
  34 plants
75 creatures vanquished.

Grand Total: 641 creatures vanquished

Notes
Turn   | Place    | Note
-------+----------+-------------------------------------------
     0 | D:1      | Leszczynek the Palentonga Wanderer began the quest for the
                  | Orb.
     0 | D:1      | Leszczynek set off with the following items: a +0 hunting
                  | sling, a wand of flame (12), a +0 pair of gloves, a scroll
                  | of fog, a +0 leather armour
     0 | D:1      | Reached XP level 1. HP: 13/13 MP: 1/1
    79 | D:1      | Reached skill level 1 in Fighting
   225 | D:1      | Reached XP level 2. HP: 22/22 MP: 2/2
   368 | D:2      | Reached skill level 1 in Unarmed Combat
   467 | D:2      | Reached skill level 2 in Fighting
   622 | D:2      | Reached XP level 3. HP: 23/29 MP: 3/3
   966 | D:2      | Reached XP level 4. HP: 19/36 MP: 4/4
  1328 | D:3      | Reached skill level 3 in Fighting
  1329 | D:3      | Noticed Ijyb
  1331 | D:3      | oooof
  1334 | D:3      | Ouch! That really hurt!
  1352 | D:3      | Killed Ijyb
  1353 | D:3      | Reached skill level 2 in Unarmed Combat
  1353 | D:3      | Reached skill level 1 in Transmutations
  1582 | D:4      | Noticed a scorpion
  1582 | D:4      | Noticed a scorpion
  1586 | D:4      | Killed a scorpion
  1587 | D:4      | Reached XP level 5. HP: 42/44 MP: 5/5
  1590 | D:4      | Reached skill level 4 in Fighting
  1616 | D:3      | Reached skill level 2 in Transmutations
  1664 | D:3      | Found Hukomnas's Antique Armour Boutique.
  1676 | D:3      | Bought a dyed leather armour for 120 gold pieces
  1909 | D:4      | Reached skill level 3 in Unarmed Combat
  1909 | D:4      | Reached XP level 6. HP: 52/52 MP: 6/6
  2033 | D:4      | Found a staircase to the Ecumenical Temple.
  2042 | Temple   | Entered the Ecumenical Temple
  2260 | Temple   | Became a worshipper of Hepliaklqana the Forgotten
  2521 | D:4      | Reached skill level 5 in Fighting
  2581 | D:5      | Entered Level 5 of the Dungeon
  2834 | D:4      | Reached skill level 3 in Transmutations
  2834 | D:4      | Gained mutation: You curl defensively after being hit. (AC
                  | +7*) [Palentonga growth]
  2834 | D:4      | Reached XP level 7. HP: 59/59 MP: 7/7
  2935 | D:5      | Found Loyfaasa's Antique Weapon Shop.
  3052 | D:5      | Reached skill level 6 in Fighting
  3052 | D:5      | Reached skill level 4 in Unarmed Combat
  3318 | D:4      | Reached skill level 4 in Transmutations
  3468 | D:5      | Found Udghotha's Jewellery Shoppe.
  3470 | D:5      | Found Ydyxoner's Assorted Antiques.
  3595 | D:5      | Reached XP level 8. HP: 59/68 MP: 8/8
  3673 | D:5      | Found Kuduuwik's Antique Armour Emporium.
  4027 | D:5      | Found Enudghop's Magic Scroll Shop.
  4192 | D:6      | Found a sacrificial altar of Ru.
  4207 | D:6      | Reached * piety under Hepliaklqana
  4211 | D:6      | Noticed Pikel
  4217 | D:6      | Killed Pikel
  4218 | D:6      | Reached skill level 7 in Fighting
  4218 | D:6      | Reached skill level 5 in Unarmed Combat
  4218 | D:6      | Reached skill level 5 in Transmutations
  4258 | D:6      | Reached skill level 8 in Fighting
  4278 | D:6      | HP: 11/65 [scorpion (4)]
  4594 | D:5      | Bought a scroll of teleportation for 33 gold pieces
  4594 | D:5      | Bought a scroll of identify for 22 gold pieces
  4594 | D:5      | Bought a scroll of fear for 38 gold pieces
  4657 | D:7      | Reached XP level 9. HP: 72/72 MP: 9/9
  4838 | D:7      | Reached skill level 6 in Unarmed Combat
  4869 | D:7      | Found Ruiselo's Armour Emporium.
  4924 | D:7      | Reached skill level 9 in Fighting
  5623 | D:8      | Reached skill level 6 in Transmutations
  6005 | D:8      | Reached ** piety under Hepliaklqana
  6011 | D:8      | Remembered your ancestor Synnove as a hexer
  6157 | D:8      | Reached skill level 10 in Fighting
  6162 | D:8      | Reached skill level 7 in Unarmed Combat
  6172 | D:8      | Reached XP level 10. HP: 50/82 MP: 10/10
  6323 | D:8      | Learned a level 5 spell: Blade Hands
  6371 | D:8      | Reached skill level 7 in Transmutations
  6822 | D:9      | Noticed a rust devil
  6822 | D:9      | Noticed a smoke demon
  6826 | D:9      | Noticed an orange demon
  6826 | D:9      | HP: 12/83 [smoke demon/ball of steam[a kobold demonologist]
                  | (25)]
  7099 | D:9      | Reached *** piety under Hepliaklqana
  7587 | D:8      | Reached skill level 8 in Unarmed Combat
  7925 | D:9      | Reached skill level 8 in Transmutations
  8401 | D:10     | Entered Level 10 of the Dungeon
  8435 | D:10     | Reached skill level 5 in Evocations
  8448 | D:10     | Reached skill level 6 in Evocations
  8492 | D:10     | Reached skill level 1 in Invocations
  8556 | D:11     | Noticed a gargoyle
  8691 | D:10     | Reached **** piety under Hepliaklqana
  8743 | D:10     | Reached XP level 11. HP: 86/89 MP: 12/12
  9102 | D:9      | Reached skill level 11 in Fighting
  9122 | D:9      | Reached skill level 2 in Invocations
  9123 | D:9      | Noticed an ogre mage
  9129 | D:9      | Killed an ogre mage
  9130 | D:9      | Reached skill level 9 in Unarmed Combat
  9142 | D:9      | Noticed an orc knight
  9142 | D:9      | Noticed a two-headed ogre
  9223 | D:10     | Noticed a green ugly thing
  9223 | D:10     | Noticed a catoblepas
  9245 | D:10     | Killed a green ugly thing
  9246 | D:10     | Reached skill level 9 in Transmutations
  9255 | D:10     | Killed a catoblepas
  9256 | D:10     | Reached skill level 1 in Spellcasting
  9256 | D:10     | Reached skill level 3 in Invocations
  9562 | D:11     | Found a staircase to the Lair.
  9733 | D:11     | Reached skill level 2 in Spellcasting
  9866 | D:5      | Bought the amulet "Yreoddia" {Regen+ Int+4} for 454 gold
                  | pieces
 10212 | D:11     | Reached skill level 10 in Transmutations
 10293 | D:11     | Noticed a wizard
 10305 | D:11     | Killed a wizard
 10306 | D:11     | Reached skill level 3 in Spellcasting
 10356 | D:11     | Learned a level 6 spell: Statue Form
 10420 | Lair:1   | Entered Level 1 of the Lair of Beasts
 10420 | Lair:1   | Noticed an oklob plant
 10469 | D:12     | Reached ***** piety under Hepliaklqana
 10504 | D:12     | Noticed a two-headed ogre
 10510 | D:12     | Killed a two-headed ogre
 10511 | D:12     | Reached skill level 10 in Unarmed Combat
 10548 | D:12     | Found a staircase to the Orcish Mines.
 10557 | D:12     | Reached skill level 1 in Earth Magic
 10628 | D:12     | Reached skill level 4 in Spellcasting
 10742 | D:12     | Learned a level 5 spell: Irradiate
 10756 | D:12     | Reached XP level 12. HP: 90/97 MP: 16/18
 10766 | D:12     | Noticed a centaur warrior
 10772 | D:12     | Killed a centaur warrior
 10860 | D:12     | Reached skill level 2 in Earth Magic
 11252 | D:5      | Bought a scroll of acquirement for 572 gold pieces
 11253 | D:5      | Acquired the +3 warlock's mirror {reflect}
 11253 | D:5      | Found the +3 warlock's mirror {reflect}
 11401 | Orc:1    | Entered Level 1 of the Orcish Mines
 11401 | Orc:1    | Noticed Nergalle
 11410 | Orc:1    | Killed Nergalle
 11411 | Orc:1    | Reached skill level 1 in Shields
 11457 | Orc:1    | Noticed Sonja
 11543 | Orc:1    | Reached skill level 2 in Shields
 11649 | Orc:1    | Reached skill level 3 in Shields
 11658 | Orc:1    | Noticed an orc warlord
 11713 | D:12     | HP: 11/97 [orc warrior/+0 hand axe[an orc warlord] (15)]
 11716 | D:12     | HP: 3/97 [orc warrior/+0 hand axe[an orc warlord] (10)]
 11802 | Orc:1    | Killed an orc warlord
 11803 | Orc:1    | Reached skill level 4 in Shields
 11807 | Orc:1    | Killed Sonja
 11808 | Orc:1    | Reached skill level 5 in Shields
 11925 | Orc:1    | Reached skill level 1 in Conjurations
 11973 | Orc:1    | Reached skill level 5 in Spellcasting
 12111 | Orc:1    | Found Waisocza's Jewellery Shop.
 12155 | Orc:2    | Entered Level 2 of the Orcish Mines
 12163 | Orc:2    | Reached skill level 3 in Earth Magic
 12337 | Orc:2    | Found a staircase to the Elven Halls.
 12385 | Orc:2    | Noticed a boulder beetle
 12388 | Orc:2    | Killed a boulder beetle
 12389 | Orc:2    | Reached skill level 2 in Conjurations
 12457 | Orc:2    | Reached skill level 11 in Unarmed Combat
 12649 | Orc:2    | Found Cira's Armour Shop.
 12665 | Orc:2    | Reached skill level 3 in Conjurations
 12665 | Orc:2    | Reached skill level 4 in Earth Magic
 12684 | Orc:2    | Found Xil Amin's Assorted Antiques.
 12690 | Orc:2    | Reached XP level 13. HP: 71/102 MP: 15/20
 12702 | Orc:2    | Bought a glowing black potion for 19 gold pieces
 12765 | Orc:2    | Found Olaer Ves's Armour Emporium.
 12765 | Orc:2    | Found Niaxuano's Weapon Shop.
 13043 | D:5      | Bought a scroll of identify for 22 gold pieces
 13333 | D:12     | Reached skill level 4 in Conjurations
 13466 | D:12     | Reached skill level 11 in Transmutations
 13471 | D:12     | Reached skill level 5 in Earth Magic
 13829 | Lair:1   | Reached skill level 5 in Conjurations
 13924 | Lair:1   | Reached skill level 12 in Unarmed Combat
 14100 | Lair:2   | Reached skill level 1 in Dodging
 14192 | Lair:2   | Identified the +4 ring mail of the Shore {-Tele rF+ Str+5}
 14327 | Lair:1   | Reached skill level 6 in Earth Magic
 14503 | Lair:2   | Reached ****** piety under Hepliaklqana
 14590 | Lair:2   | Found a staircase to the Snake Pit.
 14936 | Lair:4   | Reached skill level 2 in Dodging
 15090 | Lair:4   | Reached skill level 4 in Invocations
 15292 | Lair:6   | Entered Level 6 of the Lair of Beasts
 15292 | Lair:6   | Found a staircase to the Slime Pits.
 15292 | Lair:6   | Found a viscous altar of Jiyva.
 15299 | Lair:6   | Reached skill level 7 in Earth Magic
 15322 | Lair:6   | Reached skill level 6 in Conjurations
 15329 | Lair:6   | Reached XP level 14. HP: 87/109 MP: 15/21
 15346 | Lair:6   | Learned a level 1 spell: Apportation
 15486 | Lair:6   | Reached skill level 3 in Dodging
 15519 | Lair:6   | Identified the amulet of Twilight {Acrobat Harm Drain rElec
                  | rF+}
 15534 | Lair:6   | Identified the +8 trident of Qiodusm {flame, rC+}
 15573 | Lair:6   | Reached skill level 5 in Invocations
 15621 | Lair:6   | Reached skill level 8 in Earth Magic
 15630 | Lair:6   | Found a shimmering blue altar of Sif Muna.
 15841 | Lair:5   | Found a snail-covered altar of Cheibriados.
 15936 | Lair:5   | Noticed Kirke
 15945 | Lair:5   | Killed Kirke
 16195 | Orc:1    | Bought the ring of Tularoabb {rF++ Int+6} for 1079 gold
                  | pieces
 16200 | Orc:1    | Upgraded the game from 0.29-a0-319-gad05b8d819 to
                  | 0.29-a0-320-g9f8742066b
 16276 | D:12     | HP: 16/109 [cyclops (26)]
 16440 | D:12     | Reached skill level 4 in Dodging
 16652 | D:12     | Reached skill level 13 in Unarmed Combat
 16652 | D:12     | Reached skill level 6 in Invocations
 16726 | D:12     | Noticed a fire giant
 16735 | D:12     | Reached skill level 7 in Conjurations
 17116 | D:13     | Reached skill level 9 in Earth Magic
 17211 | D:13     | Found a gate leading to a gauntlet.
 17217 | Gauntlet | Entered a Gauntlet
 17217 | Gauntlet | Found a transporter.
 17225 | Gauntlet | Found a runed translucent gate.
 17226 | Gauntlet | Found a transporter.
 17226 | Gauntlet | Found a runed translucent gate.
 17227 | Gauntlet | Found a transporter.
 17229 | Gauntlet | Found a runed translucent gate.
 17230 | Gauntlet | Found the +2 cloak of the Thief {*Fog Slay-2 SInv Stlth+}
 17231 | Gauntlet | Found a transporter.
 17240 | Gauntlet | Found a transporter.
 17240 | Gauntlet | Found a transporter.
 17269 | Gauntlet | Found a transporter.
 17270 | Gauntlet | Found a transporter.
 17274 | Gauntlet | Found a transporter.
 17310 | Gauntlet | Found a transporter.
 17311 | Gauntlet | Found a transporter.
 17369 | Gauntlet | Identified the +2 pair of gloves of Nemelex Xobeh's Envy
                  | {rN++ rCorr MP-9 Stlth+}
 17370 | Gauntlet | >mp-9
 17370 | Gauntlet | nice
 17415 | Gauntlet | HP: 16/109 [death yak simulacrum (22)]
 17416 | Gauntlet | Slain by a death yak simulacrum

Illustrated notes #. #.# #.# #.# #.# #..# .### #.# #..# .... #.############ #..# # #..########............. #..#.# #..gg..@....############ #..#. #...#######.# .... ....... #.####### #..# ####.#g #.......# #.<# #.#. #..####.# #.## # ## #..# #.# #. #..####.# ## #..#....# #..#.##.# Turn 1331 on D:3: oooof

.............8.....8.....8.##
.###########...............≈#
.#.^.......#...#########...##
.#.##.##.#.#...#....)..#.§§≈#
.# Y#..#...#####)...##.#..§##
. YY##.##..#...#..##.#.#...≈#
#YpY#©.#..#©8©#©.#©.#.#©8.##
#. ^##.##.#...#R#..##.#...≈#
#..^.#####@####..#...##
#.#.#...#.......#.§.§#
....#...#########...##
###...............≈
....8.....8.....8.##
...............§..≈
....#§#≈#≈#≈#≈#
≈#≈############


Turn 17370 on Gauntlet: >mp-9

Levels and vault maps discovered:
D:1:      lightli_arrival_isolated_outpost, layout_basic,
          shapermc_ecumenical_altar_mp_vishouse
D:2:      layout_loops_ring, serial_bayou_pond_b
D:3:      layout_basic, serial_shops, nicolae_shop_overgrown_old_shop, uniq_ijyb
D:4:      layout_basic, temple_hall
D:5:      layout_rooms, serial_shops, nicolae_take_the_stairs, shop_fountains,
          nicolae_shop_stone, shop_statue, kennysheep_mini,
          kennysheep_generic_room_14
D:6:      layout_cave_pools, lemuel_crystal_altar, uniq_pikel
D:7:      layout_basic, nicolae_stop_n_shop_2
D:8:      layout_gridville
D:9:      minmay_klotski, layout_irregular_city, serial_column_ruins,
          column_ruins_grid_1, column_ruins_open_tiny, column_ruins_grid_1,
          column_ruins_open_medium, column_ruins_grid_1,
          column_ruins_columns_dead_end, column_ruins_open_medium
D:10:     layout_stronghold, minivault_20
D:11:     layout_irregular_city, grunt_lair_entry_orc_guard_hut,
          minmay_librarian
D:12:     giant_chief_lemuel, layout_irregular_city, zombieorc2_lemuel
D:13:     layout_basic, gauntlet_entry_generic, minmay_misc_feat_five
Temple:   mainiacjoe_temple_trianglar_array
Lair:1:   hellmonk_destroyed_diamonds, layout_cellular_growth,
          dpeg_stationary_puzzle
Lair:2:   layout_chaotic_city, guppyfry_snake_entry_island, grunt_megastairs_5
Lair:3:   layout_layer_cave, elwin_shoals_entry_rooms
Lair:4:   layout_long_grid, guppyfry_lair_drakes, infiniplex_staircase_pool_2,
          grunt_megastairs_3, lemuel_fruit_fields, serial_bayou_shore_a,
          serial_bayou_shore_b
Lair:5:   layout_loops_ring, kennysheep_snail_temple, infiniplex_staircase_pool,
          uniq_kirke
Lair:6:   gammafunk_lair_ancient_temple, layout_gridlike, slime_altar_1,
          basic_altar, minivault_24, st_stairs_7, lemuel_another_geyser
Orc:1:    layout_caves, serial_shops, nicolae_shop_behind_doors,
          hangedman_minor_magic, uniq_nergalle, uniq_sonja
Orc:2:    st_orc_town, layout_caves, rock_pile
Gauntlet: minmay_gauntlet_mixed_oops_all_seconds
          [minmay_gauntlet_arena_77_hold_the_fort,
          gammafunk_gauntlet_arena_split_x, minmay_gauntlet_arena_77_run_for_it,
          nicolae_gauntlet_arena_grate_2,
          minmay_gauntlet_arena_77_radiant_squares,
          gammafunk_gauntlet_arena_mazey, gauntlet_exit_green]

Skill      XL: |  1  2  3  4  5  6  7  8  9 10 11 12 13 14 |
---------------+-------------------------------------------+-----
Fighting       | 1 2 3 4 5 6 8 10 11 | 11.0
Unarmed Combat | 1 2 3 4 5 7 8 10 11 12 13 | 13.1
Transmutations | 1 2 3 4 5 6 8 10 11 | 11.0
Evocations     | 6 |  6.1
Invocations    | 1 3 4 6 |  6.4
Spellcasting   | 4 5 |  5.0
Earth Magic    | 1 4 7 9 |  9.1
Shields        | 5 |  5.0
Conjurations   | 3 6 7 |  7.2
Dodging        | 2 4 |  4.4
Slings         | |  1.3
Throwing       | |  1.0
Stealth        | |  1.2

Action                   |  1- 3 |  4- 6 |  7- 9 | 10-12 | 13-15 || total
-------------------------+-------+-------+-------+-------+-------++-------
Melee: Dagger            |    12 |    98 |   215 |   180 |       ||   505
       Tailslap          |       |    13 |    42 |    98 |    94 ||   247
       Punch             |       |     4 |     8 |    33 |    39 ||    84
       Hand axe          |       |       |    36 |     1 |       ||    37
       Whip              |       |       |       |    45 |     1 ||    46
       Unarmed           |       |       |       |   290 |   481 ||   771
 Fire: Hunting sling     |    77 |    44 |    48 |       |       ||   169
       Shortbow          |       |       |     2 |    32 |       ||    34
 Cast: Blade Hands       |       |       |       |    27 |    63 ||    90
       Irradiate         |       |       |       |       |     3 ||     3
Invok: Recall Ancestor   |       |       |     1 |     1 |     2 ||     4
       Ancestor Life: He |       |       |     1 |       |       ||     1
 Abil: Rolling Charge    |       |     1 |     2 |     9 |    16 ||    28
       End Transformatio |       |       |       |       |     2 ||     2
Evoke: Wand              |     1 |     3 |    12 |    18 |     6 ||    40
       Condenser vane    |       |       |       |       |     3 ||     3
  Use: Potion            |       |     3 |     1 |     6 |     7 ||    17
       Scroll            |       |       |     2 |     8 |    11 ||    21
 Stab: Sleeping          |       |       |     1 |     2 |     3 ||     6
       Distracted        |       |       |       |     9 |    16 ||    25
       Confused          |       |       |       |     5 |     6 ||    11
       Petrified         |       |       |       |     7 |       ||     7
Armor: Leather armour    |     5 |    17 |    93 |   136 |   131 ||   382
       Ring mail         |     7 |    20 |       |       |       ||    27
       Robe              |       |       |       |    56 |    17 ||    73
Dodge: Dodged            |    29 |    65 |   179 |   259 |   260 ||   792
Block: Buckler           |       |       |       |     6 |    45 ||    51
       Reflection        |       |       |       |     1 |     3 ||     4

Table legend: (Time is in decaauts)
 A = Elapsed time spent in this place.
 B = Non-inter-level travel time spent in this place.
 C = Inter-level travel time spent in this place.
 D = Time resting spent in this place.
 E = Time spent auto-exploring this place.
 F = Levels seen in this place.
 G = Mean time per level.
                   A        B        C        D        E       F      G
               +--------+--------+--------+--------+--------+-----+--------+
         Total |  17405 |  15572 |   1833 |   4130 |    116 |  23 |  756.7 |
       Dungeon |  13219 |  11707 |   1512 |   3976 |    116 |  13 | 1016.8 |
        Temple |    247 |    226 |     21 |      0 |      0 |   1 |  247.0 |
          Lair |   2338 |   2167 |    171 |    112 |      0 |   6 |  389.7 |
  Orcish Mines |   1406 |   1278 |    128 |     26 |      0 |   2 |  703.0 |
      Gauntlet |    193 |    193 |      0 |     16 |      0 |   1 |  193.0 |
               +--------+--------+--------+--------+--------+-----+--------+

Top non-repeatable levels by time:
    D:12: 1581 daAuts
     D:8: 1541 daAuts
     D:9: 1502 daAuts
     D:5: 1279 daAuts
     D:7: 1245 daAuts
    D:11: 1118 daAuts
    D:10: 1078 daAuts
     D:4: 1002 daAuts
     D:2: 788 daAuts
   Orc:1: 710 daAuts
   Orc:2: 696 daAuts
     D:6: 671 daAuts
     D:3: 582 daAuts
  Lair:2: 495 daAuts
  Lair:6: 447 daAuts
